AoeStats
← tavoo

Arabia

508579066Analyzed
1v1 RM · 10d ago on Sep 23, 2026· 37m 40s· 2 players
Game mode
Random Map
Map size
Tiny (2 player)
Population
200
Speed
Normal
Resources
Standard
Victory
Conquest
Starting age
Dark Age
Ending age
Imperial Age
RankedLock teamsTeams togetherTeam positionsShared explorationLock speedFull tech treeHidden civsTurbo modeCheats
Victory
Defeat
🇨🇱 Magyars · Chile
1457
+14
🇲🇽 Turks · Mexico
1409
-14
tavoo
5:22 Loom
9:33 Feudal Age
12:27 Town Watch
15:28 Double-Bit Axe
16:19 Bloodlines
22:41 Castle Age
21:29 Forging
21:37 Gold Mining
24:30 Iron Casting
24:24 Scale Barding Armor
30:59 Husbandry
33:09 Wheelbarrow
33:46 Horse Collar
34:49 Chain Barding Armor
36:51 Fletching
40:26 Imperial Age
Ambrosolido
6:28 Loom
8:51 Feudal Age
9:35 Double-Bit Axe
13:35 Horse Collar
20:42 Castle Age
20:35 Bloodlines
21:37 Bow Saw
26:51 Scale Barding Armor
29:47 Husbandry
30:49 Chain Barding Armor
30:08 Pikeman
33:30 Wheelbarrow
32:40 Town Watch
33:50 Heavy Plow
34:03 Light Cavalry
35:39 Scale Mail Armor
Connection lost

Rejoining the realm…

Still unreachable

The connection could not be restored.

Session expired

The server has moved on; the page needs a fresh start.